 Dungeon Crawl Stone Soup version 0.20.0-10-g0535bb4 (webtiles) character file.

78 vatarom the Charmwright (level 4, 0/34 HPs)
             Began as a Vine Stalker Skald on June 5, 2017.
             Succumbed to an adder's poison
             ... on level 3 of the Dungeon.
             The game lasted 00:05:10 (1973 turns).

vatarom the Charmwright (Vine Stalker Skald)        Turns: 1973, Time: 00:05:11

Health: 0/34       AC: 22    Str: 15 (16) XL:     4   Next: 36%
Magic:  0/8        EV:  2    Int: 11 (13) God:
Gold:   55         SH:  0    Dex: 16      Spells: 1/7 levels left

rFire    . . .     SeeInvis .   g - +3 short sword
rCold    . . .     Gourm    .   (no shield)
rNeg     + + +     Faith    .   (armour currently unavailable)
rPois    +         Spirit   +   (helmet currently unavailable)
rElec    .         Reflect  .   (cloak currently unavailable)
rCorr    .         Harm     .   (gloves currently unavailable)
MR       .....     Rnd*Rage +   (boots currently unavailable) Stlth ++........NoTele +
                                (no amulet)
Regen    0.6/turn               (no ring)
MPRegen  0.2/turn               (no ring)

@: lethally poisoned (0 -> -1), tree-form, infused (expiring), very slightly
contaminated
A: thin skeletal structure 1, berserk 1, regeneration 1, strong 1, wild magic 1,
magic shield, no potion heal 3, rot immunity
a: no special abilities


You were on level 3 of the Dungeon.
You were not hungry.
You were a tree.
You visited 1 branch of the dungeon, and saw 3 of its levels.

You collected 55 gold pieces.

Inventory:

Hand Weapons
 g - a +3 short sword (weapon)
Armour
 b - a +1 leather armour (melded)
 h - a +0 cloak (melded)
Scrolls
 a - a scroll of identify
Books
 c - a book of Battle

   Spells                             Type                      Level
   a - Infusion                       Charms                       1
   b - Shroud of Golubria             Charms/Translocation         2
   c - Song of Slaying                Charms                       2
   d - Spectral Weapon                Hexes/Charms                 3
   e - Regeneration                   Charms/Necromancy            3
Comestibles
 d - a bread ration
 f - 2 meat rations
 i - 4 chunks of flesh


   Skills:
 + Level 2.3 Fighting
 - Level 1.7 Short Blades
 - Level 0.7 Armour
 - Level 2.9 Dodging
 - Level 2.1 Spellcasting
 - Level 3.0 Charms
 + Level 1.7 Translocations


You had one spell level left.
You knew the following spells:

 Your Spells              Type           Power        Failure   Level  Hunger
a - Infusion              Chrm           ##..         13%         1    ##.....
b - Shroud of Golubria    Chrm/Tloc      #.........   24%         2    ###....
c - Spectral Weapon       Hex/Chrm       #.......     52%         3    ####...


Dungeon Overview and Level Annotations

Branches:
Dungeon (3/15)

Altars:
Ashenzari


Innate Abilities, Weirdness & Mutations

((You have extremely sharp teeth.))
Your natural rate of healing is unusually fast.
When hurt, damage is shared between your health and your magic reserves.
((Your bite disrupts and absorbs the magic of your enemies.))
Potions cannot restore your health.
You are immune to rotting.
You have a somewhat thin skeletal structure. (Dex +2, Stealth)
You tend to lose your temper in combat.
Your muscles are strong. (Str +2)
Your spells are a little harder to cast, but a little more powerful.


Message History

The quokka bites you but does no damage.
The goblin hits you but does no damage.
Unknown command.
You puncture the goblin!
You kill the goblin!
* * * LOW HITPOINT WARNING * * *
You feel sick. The adder bites you but does no damage.
The quokka completely misses you.
Unknown command.
You puncture the adder!
You kill the adder!
You feel your dexterity returning.
* * * LOW HITPOINT WARNING * * *
You feel sick.
The quokka bites you but does no damage.
Unknown command.
You hit the quokka.
The quokka is severely wounded.
Your magical infusion is running out.
You die...

.......######.
.............
#..........#
##..........#
#...........#
#...........#
#.#...........##
........r)......
#..###<♣†#.(...
#.........
#.##...... ..#
...... ..##
#.#### ..# .#
#.# .. .. #.


You could see a quokka.

Vanquished Creatures
  3 adders
  2 worms (D:2)
  2 dart slugs
  A leopard gecko (D:1)
  A ball python (D:2)
  7 bats
  4 giant cockroaches
  5 hobgoblins
  2 jackals (D:1)
  2 frilled lizards
  2 goblins
  7 kobolds
  4 rats
42 creatures vanquished.

Notes
Turn   | Place    | Note
-------+----------+-------------------------------------------
     0 | D:1      | vatarom the Vine Stalker Skald began the quest for the Orb.
     0 | D:1      | Reached XP level 1. HP: 11/11 MP: 4/4
   265 | D:1      | Reached XP level 2. HP: 13/15 MP: 6/6
   463 | D:1      | Gained mutation: You have sharp fingernails. [potion of mutation]
   463 | D:1      | Gained mutation: Armour fits poorly on your strangely shaped body. [potion of mutation]
   463 | D:1      | Gained mutation: You are somewhat resistant to further mutation. [potion of mutation]
   466 | D:1      | Lost mutation: You are somewhat resistant to further mutation. [potion of mutation]
   466 | D:1      | Lost mutation: You have sharp fingernails. [potion of mutation]
   466 | D:1      | Lost mutation: Armour fits poorly on your strangely shaped body. [potion of mutation]
   466 | D:1      | Gained mutation: You tend to lose your temper in combat. [potion of mutation]
   466 | D:1      | Gained mutation: You have a somewhat thin skeletal structure. (Dex +2, Stealth) [potion of mutation]
   466 | D:1      | Gained mutation: Your muscles are strong. (Str +2) [potion of mutation]
   466 | D:1      | Gained mutation: Your spells are a little harder to cast, but a little more powerful. [potion of mutation]
   598 | D:1      | Found a shattered altar of Ashenzari.
   755 | D:2      | Reached XP level 3. HP: 10/18 MP: 7/7
  1039 | D:2      | Learned a level 2 spell: Shroud of Golubria
  1357 | D:2      | Learned a level 3 spell: Spectral Weapon
  1662 | D:2      | Reached skill level 1 in Translocations
  1778 | D:2      | Gained mutation: Your natural rate of healing is unusually fast. [Vine Stalker growth]
  1778 | D:2      | Reached XP level 4. HP: 22/23 MP: 8/8
  1971 | D:3      | HP: 1/34 [poisoned by an adder]
  1973 | D:3      | Succumbed to an adder's poison

Skill      XL: |  1  2  3 |
---------------+----------+-----
Dodging        | 2 |  2.9
Fighting       | 2 |  2.3
Translocations | 1 |  1.7
Short Blades   | |  1.7
Armour         | |  0.7
Spellcasting   | |  2.1
Charms         | |  3.0

Action                   |  1- 3 |  4- 6 || total
-------------------------+-------+-------++-------
Melee: Short sword       |   132 |    17 ||   149
       Bite              |    29 |     5 ||    34
 Cast: Infusion          |     2 |     1 ||     3
       Shroud of Golubri |     2 |       ||     2
  Use: Scroll            |     5 |     3 ||     8
       Potion            |     5 |     1 ||     6
 Stab: Sleeping          |     3 |       ||     3
  Eat: Chunk             |     3 |     1 ||     4
Armor: Leather armour    |    41 |     6 ||    47
       Skin              |     3 |    10 ||    13
Dodge: Dodged            |    99 |    16 ||   115
